 Dungeon Crawl Stone Soup version 0.29.1-2-gbd0b4ee654 (webtiles) character file.

Game seed: 7966435820228300828

394 GorkyZ the Shield-Bearer (level 7, -1/54 HPs)
             Began as a Formicid Fighter on Nov 23, 2022.
             Was an Initiate of Gozag.
             Slain by an orc
             ... wielding a +2 hand axe of electrocution
              (19 damage)
             ... on level 4 of the Dungeon.
             The game lasted 00:09:44 (3643 turns).

GorkyZ the Shield-Bearer (Formicid Fighter)         Turns: 3643, Time: 00:09:51

Health: -1/54      AC:  9    Str: 22    XL:     7   Next: 8%
Magic:  7/7        EV: 14    Int:  8    God:    Gozag
Gold:   93         SH:  6    Dex: 13    Spells: 6/6 levels left

rFire   . . .      SeeInvis +   r - +0 halberd
rCold   . . .      Faith    .   c - +1 buckler
rNeg    . . .      Spirit   .   b - +0 scale mail
rPois   .          Reflect  .   (helmet unavailable)
rElec   .          Harm     .   (no cloak)
rCorr   .          Rampage  .   (no gloves)
Will    .....                   t - +1 pair of boots
Stlth   ..........              (no amulet)
HPRegen 0.18/turn               s - +4 ring of evasion
MPRegen 0.10/turn               (no ring)

@: no status effects
A: permanent stasis, dig shafts and tunnels, antennae 3, four strong arms
a: Dig, Shaft Self, Renounce Religion, Potion Petition, Call Merchant, Bribe
Branch


You were on level 4 of the Dungeon.
You worshipped Gozag.
Gozag was noncommittal.
You visited 2 branches of the dungeon, and saw 5 of its levels.

You collected 147 gold pieces.
You paid 54 gold pieces to Gozag.

Inventory:

Hand Weapons
 a - a +0 quarterstaff
 e - a +0 hand axe
 r - a +0 halberd (weapon)
Armour
 b - a +0 scale mail (worn)
 c - a +1 buckler (worn)
 t - a +1 pair of boots (worn)
Jewellery
 g - a ring of protection from fire
 s - a +4 ring of evasion (left hand)
Wands
 p - a wand of flame (16)
Scrolls
 i - a scroll of summoning
 k - a scroll of poison
 l - 2 scrolls of butterflies
 u - 2 scrolls of immolation
 v - a scroll of magic mapping
Potions
 d - a potion of might
 f - 2 potions of flight
 h - 4 potions of brilliance
 j - 4 potions of curing
 m - a potion of haste {unknown}
 n - 2 potions of mutation {unknown}
 o - a potion of heal wounds {unknown}
 q - a potion of cancellation {unknown}


   Skills:
 + Level 4.1 Fighting
 - Level 1.2(1.7) Axes
 + Level 1.6(2.7) Polearms
 - Level 3.0(3.2) Staves
 + Level 2.0 Throwing
 + Level 4.2 Armour
 + Level 1.8 Dodging
 + Level 5.0 Shields
 + Level 2.1 Evocations


You had 6 spell levels left.
You didn't know any spells.
Your spell library contained the following spells:

 Spells                   Type           Power      Damage    Failure   Level
 Dazzling Flash           Conj/Hex       0%         N/A       99%         3
 Iskenderun's Mystic Bla  Conj/Tloc      0%         2d3       100%        4
 Starburst                Conj/Fire      0%         6d3       100%        6


Dungeon Overview and Level Annotations

Branches:
Dungeon (4/15)             Temple (1/1) D:4

Altars:
Ashenzari
Cheibriados
Dithmenos
Elyvilon
Fedhas
Gozag
Hepliaklqana
Makhleb
Okawaru
Qazlal
Trog
Vehumet
Zin
The Shining One

Annotations:
D:4 3 runed translucent doors, ymhsbmbesitwf's ghost, amateur MfGl


Innate Abilities, Weirdness & Mutations

You cannot be hasted, slowed, berserked, paralysed or teleported.
You can dig through walls and to a lower floor.
You have a pair of large antennae on your head. (SInv)
Your four strong arms can wield two-handed weapons with a shield.


Message History

You are too injured to fight recklessly!
You are too injured to fight recklessly!
You are too injured to fight recklessly!
You are too injured to fight recklessly!
You are too injured to fight recklessly!
You are too injured to fight recklessly!
You are too injured to fight recklessly!
You are too injured to fight recklessly!
You are too injured to fight recklessly!
You are too injured to fight recklessly!
Unknown command.
You are too injured to fight recklessly!
You closely miss the orc wizard. The orc barely misses you.
The orc hits you but does no damage.
The orc wizard hits you but does no damage.
You barely miss the orc wizard. The orc barely misses you. The orc misses you.
The orc wizard points at you and mumbles some strange words.
The puff of flame hits you.
You barely miss the orc wizard. The orc closely misses you.
The orc hits you from afar with a +0 trident.
The orc wizard mumbles some strange words.
The orc wizard flickers and vanishes for a moment.
The orc hits you with a +2 hand axe of electrocution.
* * * LOW HITPOINT WARNING * * *
The orc misses you. The orc wizard barely misses you.
You bump into the rock wall.
The orc hits you but does no damage. The orc closely misses you.
The orc wizard casts a spell at you.
You easily resist.
You feel better. The orc misses you. You block the orc's attack.
You completely miss the orc wizard. The orc misses you.
You block the orc's attack. You block the orc wizard's attack.
You hit the orc wizard.
The orc wizard is heavily wounded.
The orc wizard hits you but does no damage.
The orc misses you. The orc closely misses you.
The orc hits you with a +2 hand axe of electrocution.
You are electrocuted!!
You die...
Your body crumbles into a pile of gold.

...#
........[
.........
.........
.........
.......
.......{
.....oo##
......o@#
....###o###
. #.....#
#.###.#####
+.#>#.'...#
#
#.#'#.###.#
## #.....#
#.# ###.
###'### #.#
##..# #.#
#.# ###..##


You could see an orc wizard (invisible) and 3 orcs.

Vanquished Creatures
  Grinder (D:3)
  4 gnolls (D:3)
  7 adders
  2 worms
  4 dart slugs (D:2)
  An orc (D:3)
  3 bats
  8 endoplasms
  8 giant cockroaches
  3 hobgoblins
  2 jackals (D:1)
  2 kobolds
  3 quokkas
  4 ball pythons
  6 frilled lizards
  13 goblins
  9 rats
80 creatures vanquished.

Vanquished Creatures (others)
  3 plants (D:4)
3 creatures vanquished.

Grand Total: 83 creatures vanquished

Notes
Turn   | Place    | Note
-------+----------+-------------------------------------------
     0 | D:1      | GorkyZ the Formicid Fighter began the quest for the Orb.
     0 | D:1      | Reached XP level 1. HP: 18/18 MP: 1/1
   319 | D:1      | Reached XP level 2. HP: 19/24 MP: 2/2
   387 | D:1      | Found a faded altar of an unknown god.
   826 | D:1      | Reached XP level 3. HP: 29/29 MP: 3/3
  1129 | D:2      | You fall into a shaft and drop 1 floor!
  1151 | D:3      | Reached skill level 1 in Evocations
  1239 | D:2      | Reached XP level 4. HP: 35/35 MP: 4/4
  1251 | D:2      | Reached skill level 1 in Dodging
  1377 | D:2      | Reached skill level 1 in Throwing
  2006 | D:3      | Reached XP level 5. HP: 29/41 MP: 5/5
  2263 | D:3      | Noticed Grinder
  2283 | D:3      | Killed Grinder
  2284 | D:3      | Reached skill level 1 in Axes
  2284 | D:3      | Reached skill level 1 in Polearms
  2284 | D:3      | Reached skill level 5 in Shields
  2284 | D:3      | Reached XP level 6. HP: 13/48 MP: 6/6
  2784 | D:3      | Reached XP level 7. HP: 23/54 MP: 7/7
  3543 | D:4      | Found a runed translucent gate.
  3543 | D:4      | Found a runed translucent gate.
  3543 | D:4      | Found a runed translucent gate.
  3544 | D:4      | Noticed ymhsbmbesitwf's ghost (amateur MfGl)
  3591 | D:4      | Found a staircase to the Ecumenical Temple.
  3596 | Temple   | Entered the Ecumenical Temple
  3608 | Temple   | Became a worshipper of Gozag Ym Sagoz the Greedy
  3643 | D:4      | Slain by an orc

Illustrated notes

Levels and vault maps discovered:
D:1:      saegor_arrival_fortress, layout_rooms,
          hellmonk_ecumenical_altar_inner_sanctum, minivault_27
D:2:      minmay_spotlight, layout_rooms
D:3:      layout_basic, uniq_grinder
D:4:      layout_cave_pods, minmay_temple_entry_glassed_door,
          gammafunk_ghost_nasty_kobolds, uniq_edmund
Temple:   dpeg_three_leaves_temple

Skill      XL: |  1  2  3  4  5  6  7 |
---------------+----------------------+-----
Evocations     | 1 2 |  2.1
Dodging        | 1 |  1.8
Throwing       | 1 2 |  2.0
Fighting       | 4 |  4.1
Axes           | 1 |  1.2
Polearms       | 1 |  1.6
Armour         | 4 |  4.2
Shields        | 5 |  5.0
Staves         | 3 |  3.0

Action                   |  1- 3 |  4- 6 |  7- 9 || total
-------------------------+-------+-------+-------++-------
Melee: Quarterstaff      |    94 |   133 |       ||   227
       Halberd           |       |       |    48 ||    48
  Use: Scroll            |       |     9 |     1 ||    10
       Potion            |       |       |     1 ||     1
Armor: Scale mail        |    58 |    36 |    16 ||   110
Dodge: Dodged            |    51 |    82 |    38 ||   171
Block: Buckler           |    21 |    34 |    19 ||    74
